 Dungeon Crawl Stone Soup version 0.18.1-48-g4cf74bf (webtiles) character file.

179 inmateoo the Ruffian (level 5, 0/31 HPs)
             Began as a Gargoyle Arcane Marksman on July 13, 2016.
             Slain by a gnoll shaman
             ... wielding a +0 whip
              (1 damage)
             ... on level 3 of the Dungeon.
             The game lasted 00:05:00 (3950 turns).

inmateoo the Ruffian (Gargoyle Arcane Marksman)     Turns: 3950, Time: 00:05:01

Health: 0/31       AC: 13    Str: 15    XL:     5   Next: 59%
Magic:  6/6        EV:  6    Int: 14    God:
Gold:   210        SH:  2    Dex:  9    Spells: 1 memorised, 5 levels left

rFire  . . .     SeeInvis .       - Unarmed
rCold  . . .     Gourm    .     k - +0 chain mail
rNeg   + . .     Faith    .     o - +0 buckler
rPois  ∞         Spirit   .     (no helmet)
rElec  +         Dismiss  .     (no cloak)
rCorr  .         Reflect  .     n - +0 pair of gloves
SustAt .         Harm     .     (no boots)
MR     .....                    (no amulet)
Stlth  ..........               (no ring)
                                (no ring)

@: not resistant to hostile enchantments, extremely unstealthy
A: negative energy resistance 1, electricity resistance, unbreathing,
petrification resistance, rot immunity, AC +4
a: no special abilities


You were on level 3 of the Dungeon.
You were very hungry.

You visited 1 branch of the dungeon, and saw 4 of its levels.

You collected 210 gold pieces.

Inventory:

Hand Weapons
 h - a +0 spear
 i - a +0 club
 l - a +0 dagger
Missiles
 c - 5 javelins (quivered)
 d - a throwing net
Armour
 k - a +0 chain mail (worn)
 n - a +0 pair of gloves (worn)
 o - a +0 buckler (worn)
Magical Staves
 m - an uncursed staff of death
Jewellery
 q - an uncursed ring of fire
Scrolls
 g - 4 scrolls of teleportation
 r - 2 scrolls of recharging
 v - a scroll of fog {unknown}
Potions
 a - 4 potions of curing
 e - a potion of ambrosia {unknown}
 j - 2 potions of flight
 s - a potion of magic
 t - a potion of cancellation {unknown}
 u - a potion of beneficial mutation
Books
 b - a book of Debilitation

   Spells                             Type                      Level
   a - Corona                         Hexes                        1
   b - Slow                           Hexes                        2
   c - Gell's Gravitas                Hexes/Translocation          3
   d - Inner Flame                    Hexes/Fire                   3
   e - Cause Fear                     Hexes                        4
   f - Leda's Liquefaction            Hexes/Earth                  4
Comestibles
 f - 5 bread rations
 p - 2 meat rations


   Skills:
 + Level 2.6 Fighting
 - Level 1.7 Throwing
 + Level 2.2 Armour
 - Level 1.5 Dodging
 + Level 3.2 Unarmed Combat
 - Level 1.0 Spellcasting
 - Level 2.6 Hexes
 + Level 1.5 Evocations


You had 5 spell levels left.
You knew the following spells:

 Your Spells              Type           Power        Failure   Level  Hunger
a - Corona                Hex            #......      100%        1    ##.....


Dungeon Overview and Level Annotations

Branches:
Dungeon (4/15)
 Temple: D:4-7

Altars:
Elyvilon
Zin


Innate Abilities, Weirdness & Mutations

You are resistant to torment.
Your stone body is resilient (AC +4).
You are immune to poison.
You resist negative energy.
You are resistant to electric shocks.
You can survive without breathing.
You are immune to petrification.
You are immune to rotting.


Message History

The gnoll shaman is heavily wounded.
The gnoll shaman hits you but does no damage.
You hit the gnoll shaman but do no damage.
The gnoll shaman is heavily wounded.
The gnoll shaman hits you but does no damage.
You barely miss the gnoll shaman.
The gnoll shaman is heavily wounded.
The gnoll shaman hits you with a whip.
* * * LOW HITPOINT WARNING * * *
Your chain mail prevents you from hitting the gnoll shaman.
The gnoll shaman is moderately wounded.
The gnoll shaman hits you but does no damage.
You barely miss the gnoll shaman.
The gnoll shaman is moderately wounded.
The gnoll shaman hits you with a whip.
* * * LOW HITPOINT WARNING * * *
You hit the gnoll shaman but do no damage.
The gnoll shaman is moderately wounded.
The gnoll shaman hits you with a whip.
You die...

#.# #####)#########
..............#
.####.#######.#
.#.##.#######.###########
......(..#..............#####
.#.##.##.#..................#
..............#########..####
..............og@...# #..#
......>.....#.#####.# #..#
.......#....#.#####.# #..#
....................# #..#
.#.##..#....#.#####.# #..#
.#.##..#....#.# #.# #..#
.#.##..#....#.#####.# #..#
....................###..#
##.##..#...##.#####......#


You could see a gnoll shaman and an orc.

Vanquished Creatures
  A hound (D:4)
  5 adders
  A gnoll (D:4)
  A worm (D:3)
  2 dart slugs
  7 orcs (D:3)
  6 giant cockroaches
  6 goblins
  12 hobgoblins
  8 jackals
  A quokka (D:2)
  A ball python (D:3)
  9 bats
  5 giant newts
  3 kobolds
  10 rats
78 creatures vanquished.

Notes
Turn   | Place    | Note
--------------------------------------------------------------
     0 | D:1      | inmateoo the Gargoyle Arcane Marksman began the quest for the Orb.
     0 | D:1      | Reached XP level 1. HP: 12/12 MP: 2/2
   173 | D:1      | Reached skill level 1 in Unarmed Combat
   566 | D:1      | Reached XP level 2. HP: 15/16 MP: 3/3
   643 | D:1      | Reached skill level 2 in Unarmed Combat
   988 | D:1      | Reached XP level 3. HP: 16/20 MP: 4/4
  1603 | D:2      | Found a white marble altar of Elyvilon.
  1611 | D:2      | Found a glowing silver altar of Zin.
  1643 | D:2      | Reached skill level 1 in Armour
  1705 | D:2      | Reached XP level 4. HP: 14/26 MP: 5/5
  2139 | D:2      | Reached skill level 1 in Evocations
  2426 | D:3      | Reached skill level 3 in Unarmed Combat
  2542 | D:3      | Reached XP level 5. HP: 16/30 MP: 6/6
  2708 | D:3      | Noticed a phantom
  3949 | D:3      | HP: 1/31 [gnoll shaman/whip (4)]
  3950 | D:3      | Slain by a gnoll shaman

Skill      XL: |  1  2  3  4  5 |
---------------+----------------+-----
Unarmed Combat | 1 2 3 |  3.2
Armour         | 1 2 |  2.2
Fighting       | 2 |  2.6
Evocations     | 1 |  1.5
Throwing       | |  1.7
Dodging        | |  1.5
Spellcasting   | |  1.0
Hexes          | |  2.6

Action                   |  1- 3 |  4- 6 || total
-------------------------+-------+-------++-------
Melee: Unarmed           |    73 |   366 ||   439
       Spear             |    30 |       ||    30
       Club              |    48 |       ||    48
       Staff             |    78 |       ||    78
       Dagger            |     4 |       ||     4
Throw: Javelin           |     6 |       ||     6
       Throwing net      |     2 |       ||     2
  Use: Scroll            |     2 |     7 ||     9
       Potion            |       |     1 ||     1
 Stab: Held in net/web   |     1 |       ||     1
  Eat: Chunk             |     2 |     6 ||     8
       Beef jerky        |       |     1 ||     1
Armor: Robe              |    42 |       ||    42
       Chain mail        |   109 |   249 ||   358
Dodge: Dodged            |   127 |   104 ||   231
Block: Buckler           |     3 |    39 ||    42
